 Dungeon Crawl Stone Soup version 0.31-a0-174-g85c54bcb58 (webtiles) character file.

Game seed: 11431356865662443885

2715 Binky the Conjurer (level 9, -4/63 HPs)
             Began as a Demigod Conjurer on June 15, 2023.
             Succumbed to a killer bee's poison
             ... on level 7 of the Dungeon.
             The game lasted 00:54:45 (8943 turns).

Binky the Conjurer (Demigod Conjurer)               Turns: 8943, Time: 00:54:46

Health: -4/63      AC:  8    Str: 12    XL:     9   Next: 16%
Magic:  4/22       EV: 13    Int: 34    God:
Gold:   110        SH:  5    Dex: 12    Spells: 11/21 levels left

rFire   + . .        x - staff of conjuration
rCold   + . .        (no shield)
rNeg    . . .        h - +1 robe {rC+ rF+}
rPois   .            (no helmet)
rElec   .            (no cloak)
rCorr   .            (no gloves)
SInv    .            t - +0 pair of boots {rampage}
Will    .....        q - amulet of reflection
Stlth   +++          e - +4 ring of protection
HPRegen 0.30/turn    c - +6 ring of intelligence
MPRegen 0.18/turn

%: reflection, rampage
@: lethally poisoned (-4 -> -25)
A: high MP 1, forlorn, divine attributes
a: no special abilities


You were on level 7 of the Dungeon.
You visited 1 branch of the dungeon, and saw 8 of its levels.

You collected 378 gold pieces.
You spent 268 gold pieces at shops.

Inventory:

Missiles
 i - a throwing net
Armour
 a - a +0 robe
 h - a +1 robe of resistance (worn)
 k - a +0 pair of boots
 t - a +0 pair of boots of rampaging (worn)
Magical Staves
 x - a staff of conjuration (weapon)
Jewellery
 c - a +6 ring of intelligence (right hand)
 d - a ring of resist corrosion
 e - a +4 ring of protection (left hand)
 q - an amulet of reflection (around neck)
Wands
 r - a wand of flame (12)
Scrolls
 g - 4 scrolls of revelation
 o - 2 scrolls of butterflies
 u - 2 scrolls of noise
 y - a scroll of blinking {unknown}
Potions
 b - 2 potions of magic
 f - 3 potions of attraction
 j - 3 potions of haste
 l - a potion of lignification {unknown}
 m - 3 potions of curing
 n - 2 potions of heal wounds
 p - 2 potions of degeneration {unknown}
 s - 2 potions of brilliance {unknown}
 v - a potion of berserk rage {unknown}
 z - a potion of ambrosia {unknown}


   Skills:
 + Level 0.6 Fighting
 * Level 4.5 Dodging
 * Level 4.5 Stealth
 + Level 0.4 Shields
 + Level 0.8 Unarmed Combat
 * Level 6.5 Spellcasting
 * Level 6.8 Conjurations
 * Level 4.1 Hexes
 - Level 1.0 Air Magic
 * Level 0.4 Evocations


You had 11 spell levels left.
You knew the following spells:

 Your Spells              Type           Power      Damage    Failure   Level
a - Magic Dart            Conj           100%       1d8       1%          1
b - Searing Ray           Conj           100%       2d8       1%          2
c - Slow                  Hex            100%       N/A       1%          1
d - Dazzling Flash        Conj/Hex       100%       N/A       1%          3
e - Confusing Touch       Hex            39%        N/A       1%          3

Your spell library contained the following spells:

 Spells                   Type           Power      Damage    Failure   Level
 Fulminant Prism          Conj/Hex       32%        3d16      4%          4
 Iskenderun's Mystic Bla  Conj/Tloc      51%        2d11      10%         4
 Frozen Ramparts          Ice            22%        1d4       12%         3
 Gell's Gravitas          Tloc           11%        N/A       12%         3
 Teleport Other           Tloc           11%        N/A       12%         3
 Vampiric Draining        Necr           11%        2d6       12%         3
 Ice Form                 Ice/Tmut       11%        N/A       36%         4
 Summon Ice Beast         Ice/Summ       11%        N/A       36%         4
 Conjure Ball Lightning   Conj/Air       27%        3x3d8     75%         6
 Dispersal                Tloc           5%         N/A       99%         6
 Discord                  Hex            19%        N/A       100%        8
 Disjunction              Tloc           5%         N/A       100%        8


Dungeon Overview and Level Annotations

Branches:
Dungeon (8/15)             Temple (0/1) D:6
   Lair: D:8-11

Shops:
D:1 [   D:2 (*((*   D:7 (


Innate Abilities, Weirdness & Mutations

You have an increased reservoir of magic. (+10% MP)
You shall have no god before yourself.
Your divine heritage dramatically boosts your attributes as you level up.


Message History

The killer bee misses you.
The killer bee attacks as you move away!
The killer bee stings you.
You are more poisoned.
The killer bee poisons you!
You feel very sick. The killer bee misses you. The killer bee stings you.
You are more poisoned.
The killer bee poisons you!
The killer bee stings you but does no damage.
There is a stone staircase leading up, spattered with blood here.
You feel extremely sick. You block the killer bee's attack.
The killer bee stings you. You block the killer bee's attack.
The killer bee misses you. The killer bee barely misses you.
The killer bee stings you!
You are lethally poisoned!
The killer bee poisons you!
You climb upwards.
* * * LOW HITPOINT WARNING * * *
You feel extremely sick.
There is a stone staircase leading down here.
The killer bee attacks as you move away!
The killer bee misses you.
* * * LOW HITPOINT WARNING * * *
You feel very sick. The killer bee misses you.
The killer bee closely misses you. The killer bee stings you.
* * * LOW HITPOINT WARNING * * *
You are more poisoned.
The killer bee poisons you!
The killer bee attacks as you move away!
The killer bee closely misses you.
* * * LOW HITPOINT WARNING * * *
You feel very sick. You block the killer bee's attack.
The killer bee closely misses you. The killer bee barely misses you.
You see here a +0 whip.
The killer bee attacks as you move away!
You block the killer bee's attack.
You die...

#....)..................####
#...........................
#...........................
#......................#....
##..........................
##.....#........(........>.
#...#.######..............
#.###.....................
#.# #..y[@<...........##.#
###g# #..y)............###.#
#...# #.>y.....#......## #.#
#.#####.).[...[###.#### #.#
#....##)######.#...# #.#
####....## #.#.### #..
#####...## #...# #.#
#.###.#..####.### #.#
#...#.##........# ####.#


You could see 3 killer bees.

Vanquished Creatures
  Maggie (D:7)
  A wyvern (D:7)
  A steam dragon (D:7)
  A water moccasin (D:6)
  2 ice beasts
  2 black bears
  A sky beast (D:7)
  2 ogres
  2 centaurs
  3 phantoms
  A scorpion (D:7)
  A wight (D:7)
  3 killer bees (D:8)
  2 howler monkeys
  An orc priest (D:8)
  7 hounds
  A gnoll bouda (D:6)
  4 jellies
  2 iguanas
  A sleepcap (D:5)
  12 gnolls
  6 adders
  2 shadow imps
  A white imp (D:6)
  2 worms
  2 dart slugs
  3 orcs (D:4)
  11 ball pythons
  4 bats
  7 endoplasms
  2 giant cockroaches
  5 goblins
  5 hobgoblins
  4 jackals (D:1)
  4 quokkas
  A frilled lizard (D:1)
  A kobold (D:1)
  4 rats
115 creatures vanquished.

Notes
Turn   | Place    | Note
-------+----------+-------------------------------------------
     0 | D:1      | Binky the Demigod Conjurer began the quest for the Orb.
     0 | D:1      | Reached XP level 1. HP: 14/14 MP: 5/5
   192 | D:1      | Found Goen's Antique Armour Shoppe.
   253 | D:1      | Reached XP level 2. HP: 20/20 MP: 2/7
  1044 | D:1      | Bought a runed robe for 88 gold pieces
  1312 | D:2      | Found Heamp's Weapon Emporium.
  1342 | D:2      | Reached XP level 3. HP: 26/26 MP: 4/8
  1439 | D:2      | Found Kuppus's Antique Weapon Boutique.
  1586 | D:2      | Found Sausa's Assorted Antiques.
  1667 | D:2      | Found Neumm's General Store.
  1796 | D:2      | Found Iliep's Weapon Shoppe.
  2195 | D:3      | Identified the +1 leather armour of Ituuczamiy {rElec rC+
                  | Dex-2}
  2397 | D:3      | Reached skill level 1 in Hexes
  2397 | D:3      | Reached XP level 4. HP: 33/33 MP: 2/10
  3103 | D:4      | Learned a level 2 spell: Searing Ray
  3209 | D:4      | Noticed a phantom
  3276 | D:3      | Killed a phantom
  3277 | D:3      | Reached XP level 5. HP: 17/38 MP: 1/12
  4003 | D:4      | Learned a level 1 spell: Slow
  4023 | D:5      | Entered Level 5 of the Dungeon
  4204 | D:5      | Reached XP level 6. HP: 45/45 MP: 6/13
  4344 | D:5      | Reached skill level 5 in Conjurations
  4898 | D:5      | Reached XP level 7. HP: 48/51 MP: 1/15
  5422 | D:6      | Found a staircase to the Ecumenical Temple.
  5447 | D:6      | Learned a level 3 spell: Dazzling Flash
  6216 | D:5      | Reached XP level 8. HP: 40/58 MP: 10/18
  6449 | D:6      | Reached skill level 5 in Spellcasting
  7028 | D:1      | Bought a pair of runed boots for 180 gold pieces
  7238 | D:7      | Noticed Maggie
  7265 | D:7      | Killed Maggie
  7266 | D:7      | Reached skill level 1 in Air Magic
  7270 | D:7      | Learned a level 3 spell: Confusing Touch
  7598 | D:7      | Found Vanweron's Hydra Hut.
  7602 | D:7      | Noticed a seven-headed hydra
  8361 | D:7      | Reached XP level 9. HP: 61/63 MP: 13/22
  8942 | D:7      | HP: 1/63 [poisoned by a killer bee]
  8943 | D:7      | Succumbed to a killer bee's poison

Illustrated notes

Levels and vault maps discovered:
D:1:      amcnicky_arrival_flooded_fountain, layout_rooms, serial_shops,
          nicolae_shop_advertising_works [nicolae_subvault_shop_adworks],
          chequers_decorated_corner
D:2:      layout_loops_cross, serial_shops, shop, shop_fountains, shop,
          nicolae_diamond_shop, nicolae_shop_waterfront
D:3:      layout_loops_cross, nicolae_overflow_hidden_temple, fedhas_altar_1,
          amethyst_overflow_temple_binary
D:4:      layout_cave_pools, mainiacjoe_overflow_chevrons, minmay_diced_spiral
D:5:      layout_basic, kennysheep_little_box, kennysheep_generic_room_10
D:6:      layout_loops_ring, jmf_multi_god_temple,
          minmay_temple_entry_stoned_glass, minmay_fractal_squares_gapless_5
D:7:      layout_rooms, chequers_serial_rivers_micro_c, doesnt_shop_hydraphobe,
          uniq_maggie
D:8:      wad_river_or_something, layout_basic, lemuel_tele_altar, serial_shops,
          nicolae_lakefront_shop, nrook_mini_backslash

Skill      XL: |  1  2  3  4  5  6  7  8  9 |
---------------+----------------------------+-----
Conjurations   | 4 5 6 |  6.8
Dodging        | 2 3 4 |  4.5
Stealth        | 2 3 4 |  4.5
Spellcasting   | 2 3 4 6 |  6.5
Hexes          | 1 2 3 4 |  4.1
Air Magic      | 1 |  1.0
Fighting       | |  0.6
Shields        | |  0.4
Unarmed Combat | |  0.8
Evocations     | |  0.4

Action                     |  1- 3 |  4- 6 |  7- 9 || total
---------------------------+-------+-------+-------++-------
  Melee: Unarmed           |    26 |    30 |    18 ||    74
         Punch             |     1 |       |       ||     1
         Staff             |       |       |     7 ||     7
   Cast: Magic Dart        |   100 |   107 |   116 ||   323
         Searing Ray       |       |    19 |    88 ||   107
         Slow              |       |       |    41 ||    41
    Use: Scroll            |     5 |     1 |     6 ||    12
 Armour: Robe              |    23 |    30 |    24 ||    77
  Dodge: Dodged            |    37 |    53 |    67 ||   157
  Block: Other             |       |       |    29 ||    29
         Reflection        |       |       |     3 ||     3

Table legend: (Time is in decaauts)
 A = Elapsed time spent in this place.
 B = Non-inter-level travel time spent in this place.
 C = Inter-level travel time spent in this place.
 D = Time resting spent in this place.
 E = Time spent auto-exploring this place.
 F = Levels seen in this place.
 G = Mean time per level.
                   A        B        C        D        E       F      G
               +--------+--------+--------+--------+--------+-----+--------+
         Total |   8961 |   7535 |   1426 |    933 |   4872 |   8 | 1120.1 |
       Dungeon |   8961 |   7535 |   1426 |    933 |   4872 |   8 | 1120.1 |
               +--------+--------+--------+--------+--------+-----+--------+

Top non-repeatable levels by time:
     D:5: 1573 daAuts
     D:7: 1503 daAuts
     D:6: 1499 daAuts
     D:1: 1214 daAuts
     D:2: 1111 daAuts
     D:3: 1090 daAuts
     D:4: 903 daAuts
     D:8: 65 daAuts
